 Dungeon Crawl Stone Soup version 0.23.2-1-ga50397a (webtiles) character file.

Game seed: 7759205182928397059

137 night the Twirler (level 5, -7/30 HPs)
             Began as a Gargoyle Gladiator on Apr 14, 2019.
             Was an Initiate of Sif Muna.
             Mangled by an ogre
             ... wielding a +0 giant spiked club
              (20 damage)
             ... on level 4 of the Dungeon.
             The game lasted 00:04:57 (2355 turns).

night the Twirler (Gargoyle Gladiator)              Turns: 2355, Time: 00:04:58

Health: -7/30      AC: 11    Str: 17    XL:     5   Next: 20%
Magic:  7/7        EV: 12    Int: 10    God:    Sif Muna [......]
Gold:   142        SH:  0    Dex: 11    Spells: 7/7 levels left

rFire    . . .     SeeInvis .   a - +0 quarterstaff
rCold    . . .     Gourm    .   (shield currently unavailable)
rNeg     + . .     Faith    .   b - +0 leather armour
rPois    ∞         Spirit   .   c - +0 helmet
rElec    +         Reflect  .   r - +2 cloak
rCorr    .         Harm     .   (no gloves)
MR       .....                  (no boots)
Stlth    +.........             (no amulet)
HPRegen  0.10/turn              (no ring)
MPRegen  0.10/turn              (no ring)

@: no status effects
A: negative energy resistance 1, electricity resistance, unbreathing,
petrification resistance, rot immunity, AC +4
a: Renounce Religion


You were on level 4 of the Dungeon.
You worshipped Sif Muna.
Sif Muna was noncommittal.
You were not hungry.

You visited 1 branch of the dungeon, and saw 4 of its levels.

You collected 142 gold pieces.

Inventory:

Hand Weapons
 a - a +0 quarterstaff (weapon)
 k - a +0 club
Missiles
 d - 2 throwing nets (quivered)
 n - 26 arrows
Armour
 b - a +0 leather armour (worn)
 c - a +0 helmet (worn)
 r - a +2 cloak (worn)
Wands
 m - a wand of acid (9)
Scrolls
 e - 2 scrolls of amnesia {unknown}
 g - 2 scrolls of remove curse {unknown}
 i - a scroll of random uselessness {unknown}
 j - 7 scrolls of identify {unknown}
 o - a scroll of magic mapping {unknown}
 p - a scroll of teleportation {unknown}
 q - a scroll of blinking {unknown}
Potions
 h - a potion of curing {unknown}
Comestibles
 f - 8 rations


   Skills:
 - Level 2.1 Fighting
 + Level 5.2 Staves
 - Level 1.7 Throwing
 - Level 2.4 Dodging
 + Level 1.7 Spellcasting


You had 7 spell levels left.
You didn't know any spells.
Your spell library was empty.

Dungeon Overview and Level Annotations

Branches:
Dungeon (4/15)
 Temple: D:4-7

Altars:
Sif Muna


Innate Abilities, Weirdness & Mutations

You are resistant to torment.
Your stone body is resilient. (AC +4)
You are immune to poison.
You resist negative energy. (rN+)
You are resistant to electric shocks. (rElec)
You can survive without breathing.
You are immune to petrification.
You are immune to rotting.


Message History

You catch the helpless ogre completely off-guard!
You hit the ogre.
The ogre is severely wounded.
The ogre struggles against the net.
You strike the helpless ogre from behind!
You thump the ogre!
The ogre is almost dead.
The ogre struggles against the net.
You hit the ogre but do no damage.
The ogre is almost dead.
The ogre struggles against the net.
You completely miss the ogre.
The ogre is almost dead.
The ogre struggles against the net.
The net rips apart, and the ogre comes free!
You barely miss the ogre.
The ogre is almost dead.
The ogre hits you with a +0 giant spiked club!!
Ouch! That really hurt!
You die...

#.# #..#.# . ##..#.#
##+## ..#...#.#
##...## .....#.#
##.....## # #..#.#
##.......## #.
#....###.........#
..#####....'....@.?..+
#...#...####....O....#
###<#..## ##.......##
......## ##.....##
####.## ##...## #.#
##'## #.# #.# #.# #.#
#.#


You could see an ogre.

Vanquished Creatures
  6 adders
  2 adder skeletons
  A worm (D:2)
  4 dart slugs
  4 leopard geckos
  3 giant cockroaches (D:1)
  7 goblins
  5 hobgoblins
  6 kobolds
  A quokka (D:2)
  2 ball pythons (D:1)
  8 bats
  5 frilled lizards
  12 rats
66 creatures vanquished.

Notes
Turn   | Place    | Note
-------+----------+-------------------------------------------
     0 | D:1      | night the Gargoyle Gladiator began the quest for the Orb.
     0 | D:1      | Reached XP level 1. HP: 12/12 MP: 1/1
   195 | D:1      | Reached XP level 2. HP: 11/17 MP: 2/2
   493 | D:1      | Reached skill level 4 in Staves
   642 | D:1      | Reached XP level 3. HP: 20/21 MP: 3/3
  1004 | D:2      | Reached XP level 4. HP: 8/26 MP: 4/4
  1423 | D:2      | Found a deep blue altar of Sif Muna.
  1464 | D:2      | Became a worshipper of Sif Muna the Loreminder
  1498 | D:2      | Reached skill level 5 in Staves
  1866 | D:3      | Reached skill level 1 in Spellcasting
  2028 | D:3      | Reached XP level 5. HP: 30/30 MP: 7/7
  2343 | D:4      | Noticed an ogre
  2355 | D:4      | Mangled by an ogre

Skill      XL: |  1  2  3  4 |
---------------+-------------+-----
Staves         | 4 5 |  5.2
Spellcasting   | 1 |  1.7
Fighting       | |  2.1
Throwing       | |  1.7
Dodging        | |  2.4

Action                   |  1- 3 |  4- 6 || total
-------------------------+-------+-------++-------
Melee: Quarterstaff      |   125 |   100 ||   225
Throw: Throwing net      |       |     1 ||     1
 Stab: Sleeping          |       |     1 ||     1
       Held in net/web   |       |     3 ||     3
  Eat: Chunk             |       |     5 ||     5
Armor: Leather armour    |    50 |    35 ||    85
Dodge: Dodged            |   106 |    49 ||   155
